Cogmind - Beta 14 @@@ ROGUE MODE // 2024.08.17 @ 09:18:53 Player: Lillith Result: Self-destructed Performance ------------- Evolutions (5) 2500 Regions Visited (14) 2800 Robots Destroyed (61) 305 Value Destroyed (1535) 1535 Prototype IDs (37) 740 Alien Tech Used (0) 0 Bonus (184) 184 TOTAL SCORE: 8064 Bonus ------- Aligned with FarCom 300 Friendly Fire -116 Cogmind --------- Core Integrity 877/1000 Matter 190/300 Energy 290/290 System Corruption 11% Temperature Cool (0) Movement Flying (96) Ox1 Location -5/Factory Parts ------- > --- POWER (2) -------- Improved Deuterium Engine > --- PROPULSION (6) --- Improved VTOL Module Cooled VTOL Module Biomechanical Wings > --- UTILITY (7) ------ Medium Storage Unit Structural Scanner Machine Analyzer Core Analyzer Improved Hacking Suite Advanced Hacking Suite System Shield > --- WEAPON (2) ------- (None) > --- INVENTORY (10) --- Angular Momentum Engine Light Fission Core Phase Shifter Cloak of Protection Improved Propulsion Shielding Drone Bay (2/2) Precision Assault Rifle Long-range Missile Launcher Mini Smartbomb Launcher Makeshift Sword Peak State ------------ > --- POWER ------------ Angular Momentum Engine > --- PROPULSION ------- Improved VTOL Module Improved VTOL Module Improved VTOL Module Cooled VTOL Module Cooled VTOL Module Biomechanical Wings > --- UTILITY ---------- Medium Storage Unit Gravity Neutralizer Improved Reaction Control System Hacking Suite Improved Hacking Suite Improved Hacking Suite > --- WEAPON ----------- Centrium Greatsword > --- INVENTORY -------- Cesium-ion Thruster Cesium-ion Thruster Structural Scanner Reaction Control System Cloak of Protection Improved Propulsion Shielding Precision Assault Rifle Long-range Missile Launcher Power Sword [Rating: 77] Favorites ----------- Power Ion Engine Engine Ion Engine Power Core Light Fission Core Propulsion Improved VTOL Module Treads Light Treads Wheel Wheel Flight Unit Improved VTOL Module Utility Seismic Detector Device Seismic Detector Storage Large Storage Unit Processor Machine Analyzer Hackware Improved Hacking Suite Protection Hardened Light Armor Plating Weapon Heavy Assault Rifle Energy Gun Medium Laser Ballistic Gun Heavy Assault Rifle Ballistic Cannon Assault Cannon Launcher Grenade Launcher Impact Weapon Heavy Flail Slashing Weapon Katana Build | -11 -10 -10 -10 -9 -8 -8 -8 -8 -6 -6 -6 -6 -6 -5 ------- Run | Yrd Mat Min Exi Min Mat Sto Rec Scr Fac Was Fac Low Low Fac Slots Evolved 10 | . . . . . 4 . . . 4 . . . . 2 Power 1 | . . . . . . . . . . . . . . 1 Propulsion 4 | . . . . . 2 . . . 2 . . . . . Utility 5 | . . . . . 2 . . . 2 . . . . 1 Weapon . | . . . . . . . . . . . . . . . Parts Attached 121 | 8 5 4 . 1 29 9 2 2 19 1 28 8 . 5 Power 11 | 1 . . . . 1 1 1 1 3 . 2 . . 1 Engine 9 | 1 . . . . 1 1 1 1 2 . 1 . . 1 Core 2 | . . . . . . . . . 1 . 1 . . . Reactor . | . . . . . . . . . . . . . . . Propulsion 34 | 2 . . . . 8 2 1 . 5 . 13 3 . . Treads 5 | 2 . . . . 3 . . . . . . . . . Leg . | . . . . . . . . . . . . . . . Wheel 2 | . . . . . 2 . . . . . . . . . Hover . | . . . . . . . . . . . . . . . Flight 27 | . . . . . 3 2 1 . 5 . 13 3 . . Utility 38 | 2 2 . . . 11 1 . 1 8 . 10 . . 3 Device 15 | 1 . . . . 6 . . 1 1 . 6 . . . Storage 6 | 1 2 . . . 1 1 . . . . 1 . . . Processor 3 | . . . . . . . . . 1 . 1 . . 1 Hackware 7 | . . . . . . . . . 4 . 1 . . 2 Protection 7 | . . . . . 4 . . . 2 . 1 . . . Artifact . | . . . . . . . . . . . . . . . Weapon 38 | 3 3 4 . 1 9 5 . . 3 1 3 5 . 1 Energy Gun 3 | 2 . . . . . 1 . . . . . . . . Energy Cannon . | . . . . . . . . . . . . . . . Ballistic Gun 15 | 1 3 1 . . 3 4 . . 2 . . 1 . . Ballistic Cannon 4 | . . 1 . . 3 . . . . . . . . . Launcher 8 | . . 2 . 1 1 . . . . . 1 2 . 1 Special Weapon . | . . . . . . . . . . . . . . . Impact Weapon 1 | . . . . . 1 . . . . . . . . . Slashing Weapon 7 | . . . . . 1 . . . 1 1 2 2 . . Piercing Weapon . | . . . . . . . . . . . . . . . Special Melee Weapon . | . . . . . . . . . . . . . . . Unidentified Prototypes 14 | . . . . . 2 4 . . 2 1 4 . . 1 Parts Lost 22 | . . . . 1 3 2 1 . 1 . 5 5 . 4 Power 1 | . . . . . . . . . . . . . . 1 Propulsion 11 | . . . . . 1 2 . . . . 2 3 . 3 Utility 7 | . . . . . 2 . 1 . . . 3 1 . . Weapon 3 | . . . . 1 . . . . 1 . . 1 . . Highest Loss Streak 3 | . . . . 1 1 2 1 . 1 . 3 3 . 3 To Critical Strikes . | . . . . . . . . . . . . . . . Average Slot Usage (%) 93 | . 99 100 100 100 91 98 87 88 75 93 90 85 86 65 Engine 10 | . 14 14 14 14 9 9 9 9 4 6 4 6 6 1 Treads 13 | . 28 28 28 28 9 . . . . . . . . . Wheel 1 | . . . . . 9 . . . . . . . . . Flight 14 | . . . . . 12 35 27 27 20 40 39 38 40 24 Device 14 | . 14 14 14 14 19 19 15 16 11 13 12 7 6 5 Storage 9 | . 14 14 14 14 4 7 9 9 6 6 6 6 6 5 Hackware 4 | . . . . . . . . . 14 20 17 13 13 15 Protection 3 | . . . . . 9 9 9 9 3 . . . . . Ballistic Gun 12 | . 27 19 28 14 9 8 9 9 3 . . . . . Launcher 2 | . . 8 . 14 . . . . . . . 2 . . Slashing Weapon 3 | . . . . . 3 9 9 9 6 6 5 2 6 3 Peak Build Rating 77 | 7 10 10 11 10 39 39 32 33 55 66 77 70 52 58 Average Rating 27 | 5 9 9 10 9 27 35 31 31 41 60 68 53 52 46 On Entrance 31 | . 7 10 10 11 9 36 28 30 33 55 66 70 52 52 Naked Turns . | . . . . . . . . . . . . . . . Heaviest Build 47 | 15 32 32 32 32 47 26 26 25 27 25 33 28 22 22 Greatest Support 42 | 40 40 40 40 40 40 29 24 24 39 29 42 31 31 31 Greatest Overweight (x) 7 | 1 . . . . 7 1 1 1 1 . 1 1 . 1 Average Overweight (x) . | . . . . . . . . . . . . . . . Largest Inventory Capacity 15 | 8 15 15 15 15 15 8 8 8 8 8 10 10 10 10 Average Capacity 11 | 7 13 15 15 15 10 7 8 8 8 8 9 10 10 10 Most Carried 15 | 6 11 12 14 15 15 8 8 8 8 8 10 10 7 10 Average Carried 9 | 5 10 11 12 14 9 6 7 8 7 7 8 7 7 8 Final Capacity 15 | 8 15 15 15 15 5 8 8 8 8 8 10 10 10 10 Final Carried 15 | 6 11 12 14 15 5 8 8 8 7 8 10 7 7 10 Class Distribution -------------------- 56% | Mutant 14% | Hacker-Sprinter 13% | Sprinter 5% | Scavenger-Mutant 4% | Hacker-Mutant 3% | Hacker-Scout Dominant Class ---------------- Mutant | -10/Materials Mutant | -10/Mines Mutant | -10/Exiles Mutant | -9/Mines Sprinter | -8/Materials Sprinter | -8/Storage Mutant | -8/Recycling Mutant | -8/Scraptown Hacker-Sprinter | -6/Factory Hacker-Sprinter | -6/Waste Hacker-Sprinter | -6/Factory Hacker-Sprinter | -6/Lower Caves Hacker-Sprinter | -6/Lower Caves Hacker-Scout | -5/Factory Resources | -11 -10 -10 -10 -9 -8 -8 -8 -8 -6 -6 -6 -6 -6 -5 ----------- Run | Yrd Mat Min Exi Min Mat Sto Rec Scr Fac Was Fac Low Low Fac Matter Collected 2215 | 284 224 153 . 19 652 134 . 35 . . 502 55 . 157 Remotely . | . . . . . . . . . . . . . . . Salvage Created 2050 | 194 425 124 . . 725 155 . . . . 387 40 . . Parts 125 | 19 23 2 . . 32 10 . . . . 35 4 . . Haulers Intercepted 5 | . 2 . . . 2 1 . . . . . . . . Recyclers Shooed 2 | . . . . . 2 . . . . . . . . . Parts Field Recycled . | . . . . . . . . . . . . . . . Retrieved Matter . | . . . . . . . . . . . . . . . Parts Self-Destructed 3 | . . . . . . . . . . . . 3 . . Prevented . | . . . . . . . . . . . . . . . Kills | -11 -10 -10 -10 -9 -8 -8 -8 -8 -6 -6 -6 -6 -6 -5 ------- Run | Yrd Mat Min Exi Min Mat Sto Rec Scr Fac Was Fac Low Low Fac Combat Hostiles Destroyed 36 | . 8 5 . . 13 2 . . . . 4 4 . . Melee 5 | . . . . . . 1 . . . . 4 . . . Guns 19 | . 8 3 . . 7 1 . . . . . . . . Cannons 7 | . . 1 . . 6 . . . . . . . . . AOE 5 | . . 1 . . . . . . . . . 4 . . Classes Destroyed 16 | 3 4 3 . . 2 . . . . . 3 1 . . Worker 9 | 2 . 2 . . 3 . . . . . 2 . . . Builder 2 | . . . . . . . . . . . 2 . . . Tunneler 7 | 6 . . . . . . . . . . 1 . . . Hauler 5 | . 2 . . . 2 1 . . . . . . . . Recycler 3 | 1 . 1 . . . . . . . . 1 . . . Drone 1 | . . . . . . . . . . . 1 . . . Watcher 3 | . 1 . . . 2 . . . . . . . . . Swarmer 5 | . 2 . . . . . . . . . . 3 . . Grunt 14 | . 6 . . . 7 1 . . . . . . . . Sentry 8 | . . . . . 5 1 . . . . 2 . . . Demolisher 1 | . . 1 . . . . . . . . . . . . Hunter 1 | . . . . . 1 . . . . . . . . . Programmer 1 | . . . . . . . . . . . 1 . . . Zionite 1 | . . 1 . . . . . . . . . . . . Assembled 4 | . . 4 . . . . . . . . . . . . Mutant 1 | . . . . . . . . . . . . 1 . . Best Kill Streak 4 | 2 2 4 . . 3 1 . . . . 2 3 . . Combat Bots Only 3 | . 2 3 . . 3 1 . . . . 1 3 . . Max Kills in Single Turn 2 | 1 1 2 . . 1 1 . . . . 1 2 . . Gunslinging . | . . . . . . . . . . . . . . . Exploded 2 | . . 1 . . . . . . . . . 2 . . Melee 1 | . . . . . . 1 . . . . 1 . . . Uniques/NPCs Destroyed . | . . . . . . . . . . . . . . . Combat | -11 -10 -10 -10 -9 -8 -8 -8 -8 -6 -6 -6 -6 -6 -5 -------- Run | Yrd Mat Min Exi Min Mat Sto Rec Scr Fac Was Fac Low Low Fac Hostile Shots Fired 296 | . 41 5 . 8 101 18 6 . 6 . 65 32 . 14 Missed 109 | . 14 1 . 4 28 4 2 . 3 . 35 14 . 4 Damage Taken 4099 | . 339 198 . 30 1363 578 60 . 57 . 678 472 . 324 Core 901 | . 52 58 . 8 198 200 . . . . 80 182 . 123 Absorbed by Shields . | . . . . . . . . . . . . . . . Redirected to Shielding 9 | . . . . . . . . . . . 9 . . . Regen/Repaired (Parts) 198 | . . . . . . . . . . . 198 . . . Core Remaining (%) 62 | 100 . . . 52 . . . 27 . . . . 69 . Volleys Fired 135 | 20 29 14 . 3 54 1 . . 1 . . 13 . . Largest 2 | 2 2 2 . 1 2 1 . . 1 . . 1 . . Hottest 100 | 100 46 58 . 23 72 25 . . 15 . . 43 . . Shots Fired 240 | 40 58 25 . 3 99 1 . . 1 . . 13 . . Gun 177 | 40 58 17 . 3 53 1 . . 1 . . 4 . . Cannon 48 | . . 3 . . 45 . . . . . . . . . Launcher 15 | . . 5 . . 1 . . . . . . 9 . . Special . | . . . . . . . . . . . . . . . Kinetic 189 | 4 58 20 . 3 98 1 . . 1 . . 4 . . Thermal 36 | 36 . . . . . . . . . . . . . . Explosive 15 | . . 5 . . 1 . . . . . . 9 . . Electromagnetic . | . . . . . . . . . . . . . . . Robot Hit Streak 14 | 7 11 3 . . 14 3 . . . . . 3 . . Robot Miss Streak 3 | 3 3 3 . 3 3 . . . . . . 2 . . Penetration Max 1 | . . . . . 1 . . . . . . . . . Secondary Targets 1 | . 1 . . . . . . . . . . . . . Max Gunslinging Chain 1 | . 1 . . . . . . . . . . . . . Shots Hit Robots 183 | 27 40 10 . . 76 7 . . 1 . 15 7 . . Core Hits 96 | 9 16 17 . . 38 3 . . . . 8 5 . . Critical Kills 1 | . . . . . 1 . . . . . . . . . Critical Parts Destroyed . | . . . . . . . . . . . . . . . Critical Strikes 6 | 2 . . . . 2 . . . . . 2 . . . Burn 2 | 2 . . . . . . . . . . . . . . Destroy 1 | . . . . . 1 . . . . . . . . . Blast 1 | . . . . . 1 . . . . . . . . . Sever 2 | . . . . . . . . . . . 2 . . . Melee Attacks 160 | . . . . . 24 31 4 . 25 . 75 . . 1 Impact 5 | . . . . . 5 . . . . . . . . . Slashing 155 | . . . . . 19 31 4 . 25 . 75 . . 1 Piercing . | . . . . . . . . . . . . . . . Sneak Attacks 12 | . . . . . 2 2 . . . . 8 . . . Combat Hostiles 1 | . . . . . . . . . . . 1 . . . Follow-up Attacks . | . . . . . . . . . . . . . . . Damage Inflicted 5996 | 320 627 375 . . 1897 302 . . 36 . 1722 630 . 87 Guns 2033 | 320 627 119 . . 906 20 . . . . . 41 . . Cannons 641 | . . 36 . . 605 . . . . . . . . . Explosions 943 | . . 218 . . 136 . . . . . . 589 . . Melee 2290 | . . . . . 250 282 . . 36 . 1722 . . . Ramming 89 | . . 2 . . . . . . . . . . . 87 Kinetic 2386 | 32 627 155 . . 1511 20 . . . . . 41 . . Thermal 288 | 288 . . . . . . . . . . . . . . Explosive 943 | . . 218 . . 136 . . . . . . 589 . . Electromagnetic . | . . . . . . . . . . . . . . . Impact 250 | . . . . . 250 . . . . . . . . . Slashing 2040 | . . . . . . 282 . . 36 . 1722 . . . Piercing . | . . . . . . . . . . . . . . . Highest Corruption 23 | . . . . . . 6 6 . . 9 22 23 23 11 Average Corruption 13 | . . . . . . 6 6 . . 9 13 22 23 9 Corruption Purged . | . . . . . . . . . . . . . . . Corruption Blocked . | . . . . . . . . . . . . . . . Effects 77 | . . . . . . 1 7 . . 2 50 10 1 6 Message Errors 22 | . . . . . . . 1 . . 1 15 2 . 3 Matter Fused 19 | . . . . . . . . . . . 13 3 1 2 Heat Flow Errors 11 | . . . . . . 1 1 . . . 8 . . 1 Energy Discharges 7 | . . . . . . . 1 . . . 4 2 . . Data Loss (minor) 9 | . . . . . . . 2 . . . 5 2 . . Data Loss (major) 2 | . . . . . . . 1 . . . 1 . . . Alerts 4 | . . . . . . . 1 . . 1 2 . . . Misdirections 3 | . . . . . . . . . . . 2 1 . . Overload Shots . | . . . . . . . . . . . . . . . Overflow Damage 382 | . . . . . 58 . . . 14 . 252 58 . . Projectiles . | . . . . . . . . . . . . . . . Explosions 58 | . . . . . . . . . . . . 58 . . Melee 324 | . . . . . 58 . . . 14 . 252 . . . Knockbacks 7 | . . 1 . . 6 . . . . . . . . . Impact . | . . . . . . . . . . . . . . . Kinetic 6 | . . 1 . . 5 . . . . . . . . . Secondary 1 | . . . . . 1 . . . . . . . . . Self-Inflicted Damage 228 | . . 45 . . . . . . . . . 96 . 87 Shots 4 | . . 2 . . . . . . . . . 2 . . Rammed 1 | . . 1 . . . . . . . . . . . . Targets Rammed 1 | . . 1 . . . . . . . . . . . . Kicked . | . . . . . . . . . . . . . . . Crushed . | . . . . . . . . . . . . . . . Highest Temperature 271 | 234 22 . . . 144 168 224 . 105 . 271 95 . 260 Average Temperature 62 | 71 8 . . . 25 73 224 . 53 . 76 38 . 131 Received Heat Transfer 1116 | . 195 . . . 513 117 18 . 27 . 90 129 . 27 Effects 3 | . . . . . . . . . . . 3 . . . Interference 3 | . . . . . . . . . . . 3 . . . Siege Activations . | . . . . . . . . . . . . . . . Robots Corrupted . | . . . . . . . . . . . . . . . Combat Hostiles . | . . . . . . . . . . . . . . . Parts Fried 1 | . . . . . 1 . . . . . . . . . Impact Corruptions 1 | . . . . . 1 . . . . . . . . . Robots Melted 1 | 1 . . . . . . . . . . . . . . Combat Hostiles . | . . . . . . . . . . . . . . . Parts Melted 2 | 2 . . . . . . . . . . . . . . Heat Transferred 999 | 999 . . . . . . . . . . . . . . Parts Sabotaged . | . . . . . . . . . . . . . . . Parts Stolen . | . . . . . . . . . . . . . . . Parts Stripped . | . . . . . . . . . . . . . . . Power Chain Reactions . | . . . . . . . . . . . . . . . Alert | -11 -10 -10 -10 -9 -8 -8 -8 -8 -6 -6 -6 -6 -6 -5 ------- Run | Yrd Mat Min Exi Min Mat Sto Rec Scr Fac Was Fac Low Low Fac Peak Influence 288 | 45 173 47 . . 258 147 30 . 181 25 288 . . 84 Initial 65 | . 29 . . . . 4 14 . . 25 17 . . 65 Average 55 | 19 65 13 . . 88 60 16 . 47 25 108 . . 63 Maximum Alert Level 1 | . . . . . 1 . . . . . 1 . . . Low Security (%) 97 | 100 100 100 . 100 98 100 100 . 100 100 85 . . 100 Level 1 2 | . . . . . 1 . . . . . 14 . . . Level 2 . | . . . . . . . . . . . . . . . Level 3 . | . . . . . . . . . . . . . . . Level 4 . | . . . . . . . . . . . . . . . Level 5 . | . . . . . . . . . . . . . . . High Security . | . . . . . . . . . . . . . . . Max Security . | . . . . . . . . . . . . . . . Squads Dispatched 13 | . . . . . . 1 . . 3 . 9 . . . Investigation 9 | . . . . . . . . . 3 . 6 . . . Extermination 1 | . . . . . . . . . . . 1 . . . Reinforcement 3 | . . . . . . 1 . . . . 2 . . . Assault . | . . . . . . . . . . . . . . . Garrison . | . . . . . . . . . . . . . . . Intercept . | . . . . . . . . . . . . . . . Searches Triggered . | . . . . . . . . . . . . . . . Construction Impeded . | . . . . . . . . . . . . . . . Haulers Reinforced . | . . . . . . . . . . . . . . . Active Scanning Responses . | . . . . . . . . . . . . . . . Cargo Convoy Interrupts . | . . . . . . . . . . . . . . . Stealth | -11 -10 -10 -10 -9 -8 -8 -8 -8 -6 -6 -6 -6 -6 -5 --------- Run | Yrd Mat Min Exi Min Mat Sto Rec Scr Fac Was Fac Low Low Fac Distress Signals 6 | . 1 1 . . 2 1 . . . . 1 . . . Communications Jammed . | . . . . . . . . . . . . . . . Distress Signals . | . . . . . . . . . . . . . . . Times Spotted 116 | . 12 4 . 4 32 9 2 . 12 6 22 7 . 6 Peak Tracking Total 7 | . 4 1 . 6 7 5 3 . 5 6 5 3 . 4 Tactical Retreats 18 | . 1 . . . 5 . 1 . 4 . 6 . . 1 Traps | -11 -10 -10 -10 -9 -8 -8 -8 -8 -6 -6 -6 -6 -6 -5 ------- Run | Yrd Mat Min Exi Min Mat Sto Rec Scr Fac Was Fac Low Low Fac Traps Triggered 4 | . . . . . . . . . 2 . 1 1 . . Indirectly . | . . . . . . . . . . . . . . . Trap Hack Attempts . | . . . . . . . . . . . . . . . Triggered . | . . . . . . . . . . . . . . . Disarmed 3 | . 3 . . . . . . . . . . . . . Reprogrammed 3 | . . . . . . . . . 3 . . . . . Reused 2 | . . . . . . . . . 2 . . . . . Traps Extracted . | . . . . . . . . . . . . . . . Installed . | . . . . . . . . . . . . . . . Triggered 2 | . . . . . . . . . 2 . . . . . Machines | -11 -10 -10 -10 -9 -8 -8 -8 -8 -6 -6 -6 -6 -6 -5 ---------- Run | Yrd Mat Min Exi Min Mat Sto Rec Scr Fac Was Fac Low Low Fac Machines Disabled 6 | . . . . . 1 3 . . . . . 2 . . Max in Single Turn 1 | . . . . . 1 1 . . . . . 1 . . Garrison Access 3 | . . . . . . . . . 1 . 1 . . 1 Machines Repaired . | . . . . . . . . . . . . . . . Machines Dismantled . | . . . . . . . . . . . . . . . Machines Sabotaged . | . . . . . . . . . . . . . . . Overloaded Fab Kills . | . . . . . . . . . . . . . . . Hacking | -11 -10 -10 -10 -9 -8 -8 -8 -8 -6 -6 -6 -6 -6 -5 --------- Run | Yrd Mat Min Exi Min Mat Sto Rec Scr Fac Was Fac Low Low Fac Machines Accessed 61 | . 8 2 2 1 7 1 8 . 11 . 16 . . 5 Terminals 42 | . 7 1 . 1 6 1 6 . 9 . 9 . . 2 Fabricators 3 | . . . . . . . . . . . 3 . . . Repair Stations 1 | . . . . . . . . . . . 1 . . . Recycling Units 7 | . 1 . . . 1 . 2 . 1 . . . . 2 Scanalyzers 2 | . . . . . . . . . . . 2 . . . Garrison Access 3 | . . . . . . . . . 1 . 1 . . 1 Total Hacks 158 | . 28 3 2 2 22 3 11 . 30 . 48 . . 9 Successful 96 | . 18 2 2 1 9 2 7 . 16 . 34 . . 5 Failed 59 | . 10 1 . . 12 1 4 . 14 . 13 . . 4 Catastrophic 11 | . 1 . . . 2 . . . 4 . 3 . . 1 Database Lockouts 3 | . . . . 1 1 . . . . . 1 . . . Manual 104 | . 21 . 1 4 21 1 8 . 19 . 25 . . 4 Terminals 119 | . 25 2 . 2 20 3 8 . 27 . 28 . . 4 Fabricators 9 | . . . . . . . . . . . 9 . . . Repair Stations 2 | . . . . . . . . . . . 2 . . . Recycling Units 11 | . 3 . . . 2 . 3 . 1 . . . . 2 Scanalyzers 7 | . . . . . . . . . . . 7 . . . Garrison Access 7 | . . . . . . . . . 2 . 2 . . 3 Terminal Hacks 33 | . 9 2 2 1 2 2 . . 6 . 9 . . . Record 5 | . . . 1 . . 1 . . 2 . 1 . . . Robot Analysis 10 | . 6 . . 1 1 . . . . . 2 . . . Open Door 1 | . . 1 . . . . . . . . . . . . Open DSF 2 | . . . . . . . . . 1 . 1 . . . Branch Access Points 2 | . . . . . 1 1 . . . . . . . . Emergency Access Points 1 | . . . . . . . . . . . 1 . . . Machine Index 1 | . . . . . . . . . . . 1 . . . Terminal Index 2 | . . . . . . . . . 1 . 1 . . . Locate Traps 2 | . . . . . . . . . 1 . 1 . . . Disarm Traps 1 | . 1 . . . . . . . . . . . . . Reprogram Traps 1 | . . . . . . . . . 1 . . . . . Hauler Manifests 1 | . . . . . . . . . . . 1 . . . Zone Layout 3 | . 2 1 . . . . . . . . . . . . Derelict Proto ID Bank 1 | . . . 1 . . . . . . . . . . . Fabricator Hacks 6 | . . . . . . . . . . . 6 . . . Network Status 1 | . . . . . . . . . . . 1 . . . Load Schematic 3 | . . . . . . . . . . . 3 . . . Build 2 | . . . . . . . . . . . 2 . . . Repair Station Hacks 2 | . . . . . . . . . . . 2 . . . Scan Component 1 | . . . . . . . . . . . 1 . . . Repair 1 | . . . . . . . . . . . 1 . . . Recycling Unit Hacks 6 | . 1 . . . . . 2 . 1 . . . . 2 Retrieve Components 6 | . 1 . . . . . 2 . 1 . . . . 2 Scanalyzer 6 | . . . . . . . . . . . 6 . . . Insert Component 3 | . . . . . . . . . . . 3 . . . Analyze 3 | . . . . . . . . . . . 3 . . . Garrison Access Hacks 3 | . . . . . . . . . 1 . 1 . . 1 Seal Access 3 | . . . . . . . . . 1 . 1 . . 1 Unauthorized Hacks 40 | . 8 . . . 7 . 5 . 8 . 10 . . 2 Terminals 38 | . 8 . . . 6 . 5 . 8 . 9 . . 2 Assimilate 4 | . . . . . . . . . 2 . 2 . . . Botnet 2 | . 2 . . . . . . . . . . . . . Skim 32 | . 6 . . . 6 . 5 . 6 . 7 . . 2 Fabricators 1 | . . . . . . . . . . . 1 . . . Recompile 1 | . . . . . . . . . . . 1 . . . Repair Stations . | . . . . . . . . . . . . . . . Recycling Units 1 | . . . . . 1 . . . . . . . . . Mask 1 | . . . . . 1 . . . . . . . . . Scanalyzers . | . . . . . . . . . . . . . . . Garrison Access . | . . . . . . . . . . . . . . . Data Cores Recovered . | . . . . . . . . . . . . . . . Used . | . . . . . . . . . . . . . . . Hacking Detections 39 | . 6 1 . 1 6 . 2 . 8 . 13 . . 2 Full Trace Events 9 | . . . . 1 1 . . . 3 . 4 . . . Feedback Events . | . . . . . . . . . . . . . . . Feedback Blocked . | . . . . . . . . . . . . . . . Robot Schematics Acquired . | . . . . . . . . . . . . . . . Robots Built . | . . . . . . . . . . . . . . . Authchips . | . . . . . . . . . . . . . . . Time . | . . . . . . . . . . . . . . . Total Robot Build Rating . | . . . . . . . . . . . . . . . Part Schematics Acquired 2 | . . . . . . . . . . . 2 . . . Parts Built 2 | . . . . . . . . . . . 2 . . . Authchips 1 | . . . . . . . . . . . 1 . . . Time 178 | . . . . . . . . . . . 178 . . . Total Part Build Rating 8 | . . . . . . . . . . . 8 . . . Parts Repaired 1 | . . . . . . . . . . . 1 . . . Time 49 | . . . . . . . . . . . 49 . . . Parts Recycled . | . . . . . . . . . . . . . . . Recycled Matter . | . . . . . . . . . . . . . . . Retrieved Matter . | . . . . . . . . . . . . . . . Retrieved Components 9 | . 2 . . . . . 4 . 2 . . . . 1 Parts Scanalyzed 2 | . . . . . . . . . . . 2 . . . Part Schematics Acquired 2 | . . . . . . . . . . . 2 . . . Parts Damaged . | . . . . . . . . . . . . . . . Bothacking | -11 -10 -10 -10 -9 -8 -8 -8 -8 -6 -6 -6 -6 -6 -5 ------------ Run | Yrd Mat Min Exi Min Mat Sto Rec Scr Fac Was Fac Low Low Fac Used RIF Installer . | . . . . . . . . . . . . . . . Robots Hacked . | . . . . . . . . . . . . . . . Non-combat . | . . . . . . . . . . . . . . . Combat . | . . . . . . . . . . . . . . . Robot Hacks Applied . | . . . . . . . . . . . . . . . Relay Couplers Released . | . . . . . . . . . . . . . . . Fabnet Peak Effective % . | . . . . . . . . . . . . . . . Robots Rewired . | . . . . . . . . . . . . . . . Allies Hacked . | . . . . . . . . . . . . . . . Hacks Repelled . | . . . . . . . . . . . . . . . Allies | -11 -10 -10 -10 -9 -8 -8 -8 -8 -6 -6 -6 -6 -6 -5 -------- Run | Yrd Mat Min Exi Min Mat Sto Rec Scr Fac Was Fac Low Low Fac Total Allies 5 | . . 3 . . . . . . 1 . 1 . . . Largest Group 2 | . . 2 . . . . . . 1 . 1 . . . Highest-Rated Group 62 | . . 62 . . . . . . 26 . 10 . . . Highest-Rated Ally 31 | . . 31 . . . . . . 26 . 10 . . . Total Orders . | . . . . . . . . . . . . . . . Ally Attacks 5 | . . 5 . . . . . . . . . . . . Total Damage 65 | . . 65 . . . . . . . . . . . . Kills . | . . . . . . . . . . . . . . . Allies Corrupted . | . . . . . . . . . . . . . . . Allies Melted . | . . . . . . . . . . . . . . . Intel | -11 -10 -10 -10 -9 -8 -8 -8 -8 -6 -6 -6 -6 -6 -5 ------- Run | Yrd Mat Min Exi Min Mat Sto Rec Scr Fac Was Fac Low Low Fac Robot Analysis Total 10 | . 6 . . 1 1 . . . . . 2 . . . Derelict Logs Recovered 5 | . . 2 . 2 . . . . . . . 1 . . Drone Launches . | . . . . . . . . . . . . . . . Drone Recoveries . | . . . . . . . . . . . . . . . Exploration | -11 -10 -10 -10 -9 -8 -8 -8 -8 -6 -6 -6 -6 -6 -5 ------------- Run | Yrd Mat Min Exi Min Mat Sto Rec Scr Fac Was Fac Low Low Fac Turns Passed 10195 | 302 1203 1497 849 767 1671 582 224 504 888 63 1209 198 25 213 Spaces Moved 10180 | 146 661 807 530 461 943 421 295 709 1210 232 2547 686 125 407 Core 8 | 7 . . . . 1 . . . . . . . . . Treads 2860 | 139 661 807 530 461 262 . . . . . . . . . Legs . | . . . . . . . . . . . . . . . Wheels . | . . . . . . . . . . . . . . . Hover . | . . . . . . . . . . . . . . . Flight 7312 | . . . . . 680 421 295 709 1210 232 2547 686 125 407 Fastest Speed 20 | 50 160 160 160 160 29 26 29 29 20 26 20 20 20 20 Average Speed 73 | 155 160 160 160 160 93 28 69 69 52 26 23 20 20 30 Slowest Speed 400 | 160 160 160 160 160 400 102 99 99 99 26 101 93 20 96 Overloaded Moves . | . . . . . . . . . . . . . . . Propulsion Burnouts . | . . . . . . . . . . . . . . . Robots Hopped 1 | . . . . . . . . . . . . . . 1 Cave-ins Triggered 3 | . . . . . 1 1 . . . . 1 . . . Exploration Rate (%) 55 | 8 88 97 77 77 47 50 58 54 30 80 57 73 18 12 Regions Visited 14 Branch Regions 8 Pre-discovered Areas 5 | . . 1 1 1 1 . . . . . 1 . . . Known Exits Taken 8 | . 1 . . . 1 1 1 1 . . 1 1 1 . Unknown Exits Taken 4 | 1 . 1 1 1 . . . . . . . . . . Scrap Searched 12 | . . 1 . 2 . . . 7 . . . 2 . . Spaces Dug 112 | . . . . . 16 15 4 . 21 . 55 . . 1 Terrain Destroyed 276 | . . 36 . . 24 15 4 . 21 . 55 119 . 2 Melee 112 | . . . . . 16 15 4 . 21 . 55 . . 1 Projectile 4 | . . . . . 4 . . . . . . . . . AOE 159 | . . 36 . . 4 . . . . . . 119 . . Terrain Rammed 1 | . . . . . . . . . . . . . . 1 Walls Destroyed 1 | . . . . . . . . . . . . . . 1 Machines Disabled . | . . . . . . . . . . . . . . . Actions | -11 -10 -10 -10 -9 -8 -8 -8 -8 -6 -6 -6 -6 -6 -5 --------- Run | Yrd Mat Min Exi Min Mat Sto Rec Scr Fac Was Fac Low Low Fac Total 12414 | 179 752 985 531 488 1608 839 308 719 1429 233 3002 726 124 491 Wait 1663 | . 45 159 . 21 515 366 6 . 135 . 326 16 . 74 Move 10165 | 145 660 806 529 460 942 420 294 708 1210 231 2546 685 124 405 Hop 1 | . . . . . . . . . . . . . . 1 Pick Up 52 | 6 6 1 2 2 15 3 1 4 4 . 7 . . 1 Fast Attach 59 | 7 3 . . . 10 4 . 1 14 1 12 2 . 5 Attach 27 | . . . . . 9 2 1 . 4 . 6 5 . . Detach 24 | . 1 . . . 4 4 . . 4 1 4 3 . 3 Swap 35 | 1 2 4 . 1 10 3 1 1 1 . 10 1 . . Drop 73 | . 6 . . 1 25 5 1 5 13 . 16 1 . . Fire 135 | 20 29 14 . 3 54 1 . . 1 . . 13 . . Melee 160 | . . . . . 24 31 4 . 25 . 75 . . 1 Ram 1 | . . . . . . . . . . . . . . 1 Kick . | . . . . . . . . . . . . . . . Crush 1 | . . 1 . . . . . . . . . . . . Escape Stasis 18 | . . . . . . . . . 18 . . . . . Rewire . | . . . . . . . . . . . . . . . Trap . | . . . . . . . . . . . . . . . Miscellaneous . | . . . . . . . . . . . . . . . Route ------- -11/Scrapyard -10/Materials (discovered 5 exits: *Mat x3 / *Min / Sub) -10/Mines (discovered 3 exits: *Mat x2 / *Exi) -10/Exiles -9/Mines -8/Materials (discovered 3 exits: *Fac x2 / *Sto) -8/Storage (discovered 2 exits: Fac / *Rec) -8/Recycling (discovered 2 exits: *Fac / *Scr) -8/Scraptown (discovered 2 exits: *Fac x2) -6/Factory (discovered 3 exits: *Fac x2 / *Low) -6/Waste -6/Factory (discovered 6 exits: *Fac x4 / *Low x2) -6/Lower Caves -6/Lower Caves -5/Factory (discovered 2 exits: [*Fac] / *Upp) History --------- Turn | Location | Event 16 | -11/Scrapyard | Discovered new exit (range 16) 303 | -11/Scrapyard | Entered Materials 304 | -10/Materials | Build established: Mutant 545 | -10/Materials | Discovered new exit (range 15) 910 | -10/Materials | Learned Materials emergency access door positions 938 | -10/Materials | Identified exit to Materials 938 | -10/Materials | Identified exit to Subcaves 938 | -10/Materials | Identified exit to Mines 941 | -10/Materials | Loaded intel: 2 recycling unit locations 942 | -10/Materials | Learned 4 Recycling zone layouts 945 | -10/Materials | Loaded intel: 16 trap records 957 | -10/Materials | Learned Storage trap positions 1506 | -10/Materials | Entered Mines 1669 | -10/Mines | Deemed a non-threat by the Exiles lab entrance 1670 | -10/Mines | Discovered new exit (range 5) 1722 | -10/Mines | Assembled infested the area 2037 | -10/Mines | Learned Materials trap positions 2090 | -10/Mines | Learned location of Storage (-8) 2091 | -10/Mines | Discovered exit to Materials (range 6) 2105 | -10/Mines | Received a Rocket Launcher from a helpful Derelict 2359 | -10/Mines | Met a Derelict who couldn't figure out how to use a Trap Extractor 2640 | -10/Mines | Discovered exit to Materials (range 5) 2750 | -10/Mines | Received a Mining Laser from a helpful Derelict 3003 | -10/Mines | Entered Exiles 3042 | -10/Exiles | Met 8R-AWN 3069 | -10/Exiles | Met EX-HEX 3135 | -10/Exiles | Met EX-BIN 3256 | -10/Exiles | Met EX-DEC 3295 | -10/Exiles | Learned location of Zion (-6) 3366 | -10/Exiles | Visited The Gauntlet 3627 | -10/Exiles | Aligned with FarCom system 3628 | -10/Exiles | Given EX-Vault access code 3670 | -10/Exiles | Opened EX-Vault 3686 | -10/Exiles | Found Cloak of Protection 3727 | -10/Exiles | Warned to stay clear of 0b10 Research branches 3834 | -10/Exiles | Discovered new exit (range 10) 3852 | -10/Exiles | Left Exiles lab with Cloak of Protection 3852 | -10/Exiles | Entered Mines 3980 | -9/Mines | Central database locked down 4129 | -9/Mines | Learned Materials stockpile data 4271 | -9/Mines | Learned Materials emergency access door positions 4359 | -9/Mines | A weapon hastily lodged in a ceiling crevice suddenly fell to the ground 4603 | -9/Mines | Discovered new exit (range 8) 4619 | -9/Mines | Entered Materials 4619 | -8/Materials | Evolved 4 slots: Propulsion x2, Utility x2 4620 | -8/Materials | Identified exit to Storage 4621 | -8/Materials | Loaded intel: 10 trap records 5286 | -8/Materials | Build established: Scavenger-Mutant 5391 | -8/Materials | Central database locked down 5667 | -8/Materials | Learned 12 Factory zone layouts 5739 | -8/Materials | Learned 4 Factory zone layouts 5742 | -8/Materials | Learned location of 1 exit from Recycling 5743 | -8/Materials | Learned location of 1 exit from Storage 5744 | -8/Materials | Identified exit to Factory 5746 | -8/Materials | Learned 4 Lower Caves zone layouts 5757 | -8/Materials | Learned Factory stockpile data 5880 | -8/Materials | Crushed by falling debris 5883 | -8/Materials | Build established: Sprinter 5980 | -8/Materials | Discovered exit to Factory (range 16) 6290 | -8/Materials | Entered Storage 6291 | -8/Storage | Identified exit to Recycling 6292 | -8/Storage | Loaded intel: 25 trap records 6862 | -8/Storage | Crushed by falling debris 6862 | -8/Storage | Core integrity fell below 50% 6872 | -8/Storage | Entered Recycling 6873 | -8/Recycling | Identified exit to Factory 6874 | -8/Recycling | Identified exit to Scraptown 7088 | -8/Recycling | Scanned before Scraplab entrance 7092 | -8/Recycling | Entered Scraplab 7096 | -8/Recycling | Entered Scraptown 7096 | -8/Scraptown | System corruption cleaned by C-Scrubber 7145 | -8/Scraptown | Visited Assassins FH 7152 | -8/Scraptown | Visited Comm Corps 7210 | -8/Scraptown | Heard Great Nut preacher, LISTEN AND RECITE! 7428 | -8/Scraptown | Turned away by UFD registrar 7446 | -8/Scraptown | Visited Shadow of the Wyrm 7461 | -8/Scraptown | Visited IN-MT5's Study 7471 | -8/Scraptown | Build established: Mutant 7471 | -8/Scraptown | Visited Bundlers 7600 | -8/Scraptown | Entered Factory 7600 | -6/Factory | Evolved 4 slots: Propulsion x2, Utility x2 7601 | -6/Factory | Identified exit to Factory 8449 | -6/Factory | Discovered new exit (range 10) 8487 | -6/Factory | Build established: Hacker-Sprinter 8488 | -6/Factory | Manually triggered Chute Trap 8488 | -6/Factory | Sucked down chute 8488 | -6/Factory | Entered Waste 8503 | -6/Waste | EMP discharged 8510 | -6/Waste | Spotted C-40 Crusher 8515 | -6/Waste | Spotted C-40 Crusher 8515 | -6/Waste | Spotted C-40 Crusher 8522 | -6/Waste | Spotted C-40 Crusher 8523 | -6/Waste | Spotted C-40 Crusher 8528 | -6/Waste | Spotted C-40 Crusher 8543 | -6/Waste | Discovered new exit (range 13) 8551 | -6/Waste | Entered Factory 8658 | -6/Factory | Central database locked down 8673 | -6/Factory | Discovered exit to Factory (range 13) 8920 | -6/Factory | Discovered exit to Factory (range 15) 8979 | -6/Factory | Fabricated Cld. VTOL Module? 9149 | -6/Factory | Fabricated Cld. VTOL Module? 9310 | -6/Factory | Repaired Centrium Greatsword 9337 | -6/Factory | Crushed by falling debris 9337 | -6/Factory | System corruption reached 10% 9368 | -6/Factory | Lost 3 parts (1n2u) 9557 | -6/Factory | Learned 4 Lower Caves zone layouts 9668 | -6/Factory | Learned location of Upper Caves (-4) 9673 | -6/Factory | Discovered exit to Factory (range 6) 9708 | -6/Factory | Learned Extension stockpile data 9712 | -6/Factory | Discovered exit to Factory (range 9) 9741 | -6/Factory | Discovered new exit (range 16) 9758 | -6/Factory | Identified exit to Lower Caves 9760 | -6/Factory | Entered Lower Caves 9761 | -6/Lower Caves | Encountered a Warlord checkpoint 9832 | -6/Lower Caves | Lost 3 parts (1n1u1w) 9847 | -6/Lower Caves | Attacked by a delusional Derelict stockpiling parts 9951 | -6/Lower Caves | Identified exit to Lower Caves 9958 | -6/Lower Caves | Entered another Lower Caves area 9968 | -6/Lower Caves | Discovered exit to Factory (range 9) 9983 | -6/Lower Caves | Entered Factory 9983 | -5/Factory | Evolved 2 slots: Power x1, Utility x1 9984 | -5/Factory | Identified exit to Upper Caves 10003 | -5/Factory | Discovered new exit (range 16) 10011 | -5/Factory | Found Prototype Launcher 10011 | -5/Factory | Identified Mni. Smartbomb Launcher 10048 | -5/Factory | Lost 3 parts (1p2n) 10183 | -5/Factory | System corruption reached 10% 10196 | -5/Factory | Self-destructed Last Messages --------------- 10136_ ALERT: Security rotation in progress. 10139_ Acquired Unknown Processor. 10139_ Identified Core Analyzer. 10141_ System corrupted: Matter fused (-6). 10141_ Connecting with Terminal... >>Trojan(Skim) Trojan loaded successfully. Testing... Terminal linked with 1 system. Please expand to 3 more systems! 10163_ >> Machine Analyzer network decryption results: 10163_ Terminal x1 10168_ Acquired Imp. Deuterium Engine. 10174_ 1T>M,, PNOSXYQSDUVXKR2VEFF4N 10182_ Cesium-ion Thruster destroyed. 10188_ >> Machine Analyzer network decryption results: 10188_ Fabricator x2 [Achievement: Achiever] Map ----- +----------------------------------------------------+ | ?????????????????????????????????????????????????? | | ?????????????????????????????????????????????????? | | ?????????????????????????????????????????????????? | | ?????????????????????????????????????????????????? | | ?????????????????????????????????????????????????? | | ?????????????????????????????????????????????????? | | ?????????????????????????????????????????????????? | | ?????????????????????????????????????????????????? | | ?????????????????????????????????????????????????? | | ??????????????????????? ?????????????????????????? | | ????????????????????? # ?????????????????????????? | | ????????????????????? # ?????????????????????????? | | ????????## ?????????? # ?????????????????????????? | | ????????## ?????????? # #######??????????????????? | | ????????## ?????????? # #######??????????????????? | | ????????## ????????? + +??????????????????? | | ????????## ????????? # # ?????????????????? | | ????????## ???????? #!! """# ?????????????????? | | ???????? # ??????? #! """##?????????????????? | | ???????? # ??????? # """##?????????????????? | | ???????? # # # F"##?????????????????? | | ???????? # ######## """##?????????????????? | | ???????? + "" ##?????????????????? | | ???????? # = ##?????????????????? | | ???????? # g^ ##?????????????????? | | ???????? # ##p#######@ ##?????????????????? | | ???????? # ???## ## ###?????????????????? | | ??????????????## ## # ?????????????????? | | ??????????????## p ## + """"?""""?????????? | | ??????????????## ## # """"?""""?????????? | | ??????????????##= ## # """"?""""?????????? | | ??????????????## #### ## """"?""""?????????? | | ??????????????## #### ## ??????????????????? | | ??????????????## ##?# ##???????????????????? | | ??????????????## ##?#+##???????????????????? | | ??????????????## # ? ???????????????????? | | ??????????????## !# ????????????????????????? | | ??????????????###/##/### ??""T""???????????????"?? | | ?????????????#### ## ### """""??????????????"G"? | | ?????????????####/##+########?????????????????"?"? | | ?????????????## = ##????????????????????? | | ?????????????## ##????????????????????? | | ?????????????## """ """ ##????????????????????? | | ?????????????## """ """ ##????????????????????? | | ?????????????## """ """ ##????????????????????? | | ????????????? + ##????????????????????? | | ?????????????## """ """ ##????????????????????? | | ?????????????## """ """ ##????????????????????? | | ?????????????## """ """ ##????????????????????? | | ?????????????## ##????????????????????? | +----------------------------------------------------+ Best States ------------- Heat Dissipation 53 Energy Generation 18 Energy Capacity 310 Matter Stores 300 Matter Capacity 300 Sight Range 16 Terrain Scan Density 110 ECM Strength 2 Cloak Strength 5 Additional Mass Support 12 Armor Coverage 300 Propulsion Shielding 66 Evasion (%) 76 Core Analysis 6 Recoil Reduction 2 Offensive Hacking 34 Defensive Hacking 10 Authchip Count 1 Item Schematics ----------------- Cld. VTOL Module | -6/Factory | Scanalyzed Biomechanical Wings | -6/Factory | Scanalyzed Robot Schematics ------------------ None Fabricated ------------ Cld. VTOL Module | x1 | -6/Factory Cld. VTOL Module | x1 | -6/Factory | Authchip Alien Tech Used ----------------- None Achievements -------------- Achiever Can't Catch Me Dodgeball, But With Guns Prolific Hacker Wheee! \\IAMDERELICT Challenges ------------ None Game ------ Seed FluxBackupLattice Manual? 0 Play Time 01:55:53 Cumulative 29.4 hours Start 2024.08.17 @ 07:00:15 End 2024.08.17 @ 09:18:53 Sessions 1 Manual Loads 0 Difficulty Rogue Special Mode None Game No. 49 Rogue 49 Adventurer 0 Explorer 0 Win Type - Total 0 Types 0/0/0/0/0/0/0/0/0 Lore% 34 Gallery% 28 Achievement% 26 Wizard Run 0 Options --------- Layout 2 ASCII 0 Keyboard 1 Movement Arrows Keybinds 0 Fullscreen 2 Font 32/SmallcapsGlow Map View 50x44 Zoom Use 0% Tactical HUD 1 Map Filters NONE Filters NONE Steam 1 RUN: 4bd0e055-6de7-4646-99d5-792100665b9c